 Dungeon Crawl Stone Soup version 0.25-a0-1056-g2efb326896 (webtiles) character file.

Game seed: 18393993975471113565, levelgen mode: deterministic

79 Esekla the Magician (level 4, -1/24 HPs)
             Began as a Deep Elf Wizard on May 13, 2020.
             Slain by Eustachio
             ... wielding a +2 rapier of electrocution
              (14 damage)
             ... on level 3 of the Dungeon.
             The game lasted 00:16:11 (2665 turns).

Esekla the Magician (Deep Elf Wizard)               Turns: 2665, Time: 00:16:12

Health: -1/24      AC:  2    Str:  5    XL:     4   Next: 17%
Magic:  11/14      EV: 13    Int: 26    God:
Gold:   153        SH:  0    Dex: 13    Spells: 6/15 levels left

rFire    . . .     SeeInvis .   f - +0 dagger
rCold    . . .     Gourm    .   (no shield)
rNeg     . . .     Faith    .   a - +0 robe
rPois    .         Spirit   .   b - +0 hat
rElec    .         Reflect  .   (no cloak)
rCorr    .         Harm     .   (no gloves)
MR       .....                  (no boots)
Stlth    ++........             (no amulet)
HPRegen  0.08/turn              u - +3 ring of intelligence
MPRegen  0.14/turn              (no ring)

@: no status effects
A: no striking features
a: no special abilities


You were on level 3 of the Dungeon.
You were not hungry.

You visited 1 branch of the dungeon, and saw 4 of its levels.

You collected 153 gold pieces.

Inventory:

Hand Weapons
 f - a +0 dagger (weapon)
Missiles
 k - 13 poisoned darts (quivered)
Armour
 a - a +0 robe (worn)
 b - a +0 hat (worn)
Jewellery
 u - a +3 ring of intelligence (left hand)
Scrolls
 e - 2 scrolls of remove curse {unknown}
 g - a scroll of enchant weapon {unknown}
 j - 4 scrolls of identify {unknown}
 n - 2 scrolls of magic mapping {unknown}
 r - a scroll of teleportation {unknown}
 s - a scroll of fear {unknown}
Potions
 c - a potion of lignification {unknown}
 h - a potion of invisibility {unknown}
 i - a potion of mutation {unknown}
 l - a potion of haste {unknown}
 m - a potion of flight {unknown}
 o - a potion of stabbing {unknown}
 p - 2 potions of curing {unknown}
 q - a potion of heal wounds {unknown}
Comestibles
 d - 4 rations


   Skills:
 + Level 2.5 Dodging
 + Level 2.8 Stealth
 * Level 6.0 Spellcasting
 * Level 2.0 Conjurations
   Level 1.1 Summonings
 * Level 2.0 Translocations


You had 6 spell levels left.
You knew the following spells:

 Your Spells              Type           Power        Failure   Level  Hunger
a - Magic Dart            Conj           ###.         3%          1    None
b - Blink                 Tloc           N/A          4%          2    None
c - Mephitic Cloud        Conj/Pois/Air  ##......     16%         3    None
f - Conjure Flame         Conj/Fire      ##......     14%         3    None

Your spell library contained the following spells:

 Spells                   Type           Power        Failure   Level  Hunger
 Call Imp                 Summ           ##......     7%          2    None
 Slow                     Hex            #.......     11%         2    None


Dungeon Overview and Level Annotations

Branches:
Dungeon (4/15)
 Temple: D:4-7

Altars:
Dithmenos

Shops:
D:4 *

Annotations:
D:3 Eustachio


Message History

Eustachio shouts!
Eustachio is engulfed in noxious fumes.
Eustachio appears confused.
You hit Eustachio but do no damage.
Eustachio is lightly wounded.
Eustachio is engulfed in noxious fumes.
Eustachio appears confused.
Throwing (i - inventory)
k - 14 poisoned darts (quivered)
Press: ? - help, Shift-Dir - straight line, f/p - Eustachio
Aim: Eustachio, wielding a +2 rapier of electrocution and wearing a +0 leather armour (lightly wounded, confused)
You throw a poisoned dart. The poisoned dart hits Eustachio.
Eustachio is lightly wounded.
You barely miss Eustachio.
Eustachio is lightly wounded.
Eustachio is engulfed in noxious fumes.
Eustachio appears confused.
Eustachio barely misses you.
You hit Eustachio but do no damage.
Eustachio is lightly wounded.
Eustachio hits you with a +2 rapier of electrocution!
You are electrocuted!
Ouch! That really hurt!
You die...

#.........#### #.#..
#............##.#.#.#
#.......#.#.###.#>#.#####
####......#.# #.#.#..@.<#
#...#..#.###.#...#####
#...#..........#'#####.
#...#....###.#..........
####...#(#..###.#@(........
...<...#.##.....@..........
####...#.##.....#.........)
#............#........!.
#..#.......#.#..........
#......###.#.#..........
#...........[#...#.....
#.#.##.##.#..###.#.###
#.... .##.#..# %# # .##.
###.##># .#


You could see Eustachio (confused).

Vanquished Creatures
  2 adders (D:2)
  3 oozes (D:2)
  A worm (D:2)
  A dart slug (D:2)
  2 leopard geckos
  4 giant cockroaches
  9 goblins
  2 hobgoblins
  3 jackals (D:2)
  3 kobolds (D:1)
  3 bats
  3 frilled lizards
  5 rats
41 creatures vanquished.

Notes
Turn   | Place    | Note
-------+----------+-------------------------------------------
     0 | D:1      | Esekla the Deep Elf Wizard began the quest for the Orb.
     0 | D:1      | Reached XP level 1. HP: 10/10 MP: 7/7
   171 | D:1      | Reached skill level 5 in Spellcasting
   177 | D:1      | Reached XP level 2. HP: 15/15 MP: 3/10
   241 | D:1      | Learned a level 2 spell: Blink
   947 | D:2      | Reached XP level 3. HP: 11/19 MP: 3/11
   956 | D:2      | Found a shadowy altar of Dithmenos.
  1629 | D:2      | Learned a level 3 spell: Mephitic Cloud
  1633 | D:2      | Learned a level 3 spell: Conjure Flame
  2024 | D:1      | Reached XP level 4. HP: 15/24 MP: 5/13
  2506 | D:4      | Found Hunt's General Store.
  2506 | D:4      | Noticed Eustachio
  2578 | D:2      | Reached skill level 6 in Spellcasting
  2665 | D:3      | Slain by Eustachio

Illustrated notes

Levels and vault maps discovered:
D:1:      giann_bridges, layout_loops_ring
D:2:      layout_loops_ring, st_stairs_3, grunt_dithmenos_smoke
D:3:      layout_basic, first_ration
D:4:      layout_rooms, serial_shops, shop, cheibrodos_gnoll_hut, uniq_sigmund,
          uniq_edmund, uniq_eustachio

Skill      XL: |  1  2  3  4 |
---------------+-------------+-----
Spellcasting   | 5 6 |  6.0
Conjurations   | 2 |  2.0
Translocations | 2 |  2.0
Dodging        | |  2.5
Stealth        | |  2.8
Summonings     | |  1.1

Action                   |  1- 3 |  4- 6 || total
-------------------------+-------+-------++-------
Melee: Dagger            |    52 |    13 ||    65
Throw: Dart              |       |     2 ||     2
 Cast: Magic Dart        |    82 |    12 ||    94
       Mephitic Cloud    |       |     2 ||     2
       Blink             |       |     2 ||     2
 Stab: Sleeping          |     3 |     1 ||     4
  Eat: Chunk             |     3 |     2 ||     5
Armor: Robe              |    17 |     3 ||    20
Dodge: Dodged            |    53 |     8 ||    61

Table legend:
 A = Non-vault XP
 B = Vault XP
 C = Vault XP percentage of total XP
 D = Non-vault monster count
 E = Vault monster count
 F = Vault count percentage of total count
                 A         B        C        D         E       F
            +---------+---------+-------+---------+---------+-------
      Total |     111 |       3 |   2.6 |      39 |       2 |   4.9
            +---------+---------+-------+---------+---------+-------
        D:1 |      33 |       0 |   0.0 |      20 |       0 |   0.0
        D:2 |      76 |       3 |   3.8 |      18 |       2 |  10.0
        D:3 |       2 |       0 |   0.0 |       1 |       0 |   0.0
            +---------+---------+-------+---------+---------+-------
